 Dungeon Crawl Stone Soup version 0.30-a0-989-g0d87f670db (webtiles) character file.

Game seed: 8270916407947763765

5047 dolemite99 the Basher (level 10, -1/91 HPs)
             Began as a Gargoyle Reaver on Apr 3, 2023.
             Was a Plaything of Xom.
             Slain by an ice devil (12 damage)
             ... summoned by a kobold demonologist
             ... on level 9 of the Dungeon.
             The game lasted 00:15:18 (9494 turns).

dolemite99 the Basher (Gargoyle Reaver)             Turns: 9494, Time: 00:15:19

Health: -1/91      AC: 25    Str: 21    XL:     10   Next: 55%
Magic:  14/14      EV:  2    Int: 13    God:    Xom [*.....]
Gold:   499        SH:  6    Dex: 10    Spells: 12/13 levels left

rFire   . . .      SeeInvis .    a - +5 flail (venom)
rCold   . . .      Faith    .    l - +0 kite shield
rNeg    + . .      Spirit   .    B - melded +0 ring mail {rC+}
rPois   ∞          Reflect  .    o - melded +1 helmet
rElec   .          Rampage  .    d - melded scarf {repulsion}
rCorr   .          NoTele   +    (gloves currently unavailable)
Will    .....                    e - melded +0 pair of boots
Stlth   ++                       k - amulet of regeneration
HPRegen 1.15/turn                (no ring)
MPRegen 0.14/turn                (no ring)

@: tree-form (expiring)
A: stationary, stasis, torment immunity, boosted hp, sickness immunity, AC +7,
negative energy resistance 1, (electricity resistance), torment resistance 1,
petrification resistance, thin skeletal structure 1, (fire resistance 1), high
MP 1, (teleportitis 1)
a: Renounce Religion


You were on level 9 of the Dungeon.
You worshipped Xom.
You were a special plaything of Xom.
You were a tree.
You visited 2 branches of the dungeon, and saw 10 of its levels.

You collected 499 gold pieces.

Inventory:

Hand Weapons
 a - a +5 flail of venom (weapon)
 s - a +1 hand axe of venom
 w - a +2 whip of flaming
 z - a +1 mace
 A - a +1 whip of holy wrath
Missiles
 x - 12 boomerangs
 G - 11 poisoned darts (quivered)
Armour
 d - a scarf of repulsion (melded)
 e - a +0 pair of boots (melded)
 l - a +0 kite shield (worn)
 o - a +1 helmet (melded)
 q - an orb of light
 B - a +0 ring mail of cold resistance (melded)
Jewellery
 f - an amulet of the acrobat
 g - an amulet of faith
 k - an amulet of regeneration (around neck)
 y - a ring of wizardry
 E - a ring of flight
 F - a +4 ring of protection
 H - a ring of wizardry
Wands
 b - a wand of charming (8)
 r - a wand of roots (10)
Scrolls
 j - 2 scrolls of immolation
 u - a scroll of noise
 v - 2 scrolls of magic mapping
 C - a scroll of fog {unknown}
 J - a scroll of enchant armour
 K - a scroll of identify {@r1}
Potions
 c - a potion of attraction
 h - 5 potions of heal wounds
 i - 4 potions of flight
 m - 7 potions of curing
 n - 4 potions of mutation
 t - a potion of magic
 D - a potion of might {unknown}
 I - 2 potions of cancellation {unknown}


   Skills:
 + Level 6.3 Fighting
 - Level 8.0(10.5) Axes
 - Level 11.6(12.8) Maces & Flails
 - Level 1.5 Dodging
 - Level 2.0 Spellcasting
 - Level 3.2 Conjurations


You had 12 spell levels left.
You knew the following spells:

 Your Spells              Type           Power      Damage    Failure   Level
a - Kiss of Death         Conj/Necr      20%        2d7       43%         1

Your spell library contained the following spells:

 Spells                   Type           Power      Damage    Failure   Level
 Shock                    Conj/Air       20%        1d4       43%         1
 Momentum Strike          Conj/Tloc      10%        3d8       58%         2
 Beastly Appendage        Tmut           2%         N/A       67%         1
 Sting                    Tmut/Pois      4%         1d3       67%         1
 Ensorcelled Hibernation  Hex/Ice        2%         N/A       80%         2
 Poisonous Vapours        Pois/Air       2%         N/A       80%         2
 Wereblood                Tmut           1%         N/A       80%         2
 Hailstorm                Conj/Ice       5%         3d4       82%         3
 Mephitic Cloud           Conj/Pois/Air  4%         N/A       87%         3
 Confusing Touch          Hex            1%         N/A       95%         3
 Spider Form              Tmut/Pois      1%         N/A       95%         3
 Swiftness                Air            1%         N/A       95%         3
 Airstrike                Air            0%         2d(1-17)  100%        4
 Anguish                  Hex/Necr       0%         N/A       100%        4
 Dispel Undead            Necr           1%         3d6       100%        4
 Olgreb's Toxic Radiance  Pois           1%         N/A       100%        4
 Summon Lightning Spire   Summ/Air       1%         N/A       100%        4
 Storm Form               Tmut/Air       0%         N/A       100%        7
 Maxwell's Capacitive Co  Air            0%         ∞         100%        8
 Cigotuvi's Dreadful Rot  Necr/Pois/Air  Unusable   N/A       N/A         2

Dungeon Overview and Level Annotations

Branches:
Dungeon (9/15)             Temple (0/1) D:5             Orc (1/2) D:9
   Lair: D:8-11

Altars:
Cheibriados
Gozag
Kikubaaqudgha
Makhleb
Trog
Uskayaw
Xom
Yredelemnul
Zin


Innate Abilities, Weirdness & Mutations

You are a tree.
Your roots penetrate the ground, keeping you stationary.
You cannot be teleported.
You are immune to unholy pain and torment.
Your maximum health is greatly increased.
Your equipment is partially melded.
You are immune to sickness and miasma.
((Your stone body is resilient. (AC +7)))
You are immune to poison.
You resist negative energy. (rN+)
((You are resistant to electric shocks. (rElec)))
You are resistant to unholy torment.
You are immune to petrification.
You have a somewhat thin skeletal structure. (Dex +2, Stealth+)
((Your flesh is heat resistant. (rF+)))
You have an increased reservoir of magic. (+10% MP)
((You are occasionally teleported next to monsters.))


Message History

The kobold brigand hits you but does no damage.
The ice devil hits you but does no damage.
The kobold brigand hits you with a +0 dagger of speed.
You closely miss the kobold demonologist.
The ice devil hits you but does no damage.
The kobold hits you but does no damage.
The kobold demonologist hits you with a +0 dagger.
The ice devil hits you but does no damage.
You block the kobold brigand's attack.
You sock the kobold demonologist!
The kobold demonologist is moderately wounded.
The ice devil hits you but does no damage.
You block the kobold's attack.
The kobold demonologist hits you but does no damage.
The kobold brigand hits you with a +0 dagger of speed.
The crimson imp shouts, "Decamp, thou clouted weeb-spouting pissant!"
The crimson imp blinks!
You block the ice devil's attack.
The kobold brigand hits you but does no damage.
The orange demon stings you but does no damage.
You sock the kobold demonologist!
The kobold demonologist looks as sick as possible!
The kobold demonologist is severely wounded.
The ice devil hits you!
* * * LOW HITPOINT WARNING * * *
The ice devil freezes you!
* * * LOW HITPOINT WARNING * * *
The kobold hits you but does no damage.
The kobold demonologist gestures wildly while chanting.
The ice devil hits you but does no damage.
The kobold brigand hits you but does no damage.
You barely miss the kobold demonologist.
The kobold demonologist is severely wounded.
Your transformation is almost over.
The iron imp disappears in a puff of smoke!
The orange demon stings you but does no damage.
The ice devil hits you!
* * * LOW HITPOINT WARNING * * *
The ice devil freezes you!
You die...
Xom titters!

........#..#.....#.#.....#..'.)..
..>.....#..#######.#.....'..8..⌠.
.......##..........#.....#..#...)
.......#..........<#.....#..#....
.......#...........#.....#..#8._[
####...#...........#.....'..#...)
...#...#####....5..#.....#))#....
...'.......#...K...####..#))8..⌠.
...#.......#.5K4♣.....#..#..)....
...#.......#.5KK4K....#..#..8....
'###.......#..K.§4....#'##..#....
...........#....(...........#####
...........#.....................
####.......#....(...#####+..#..).
...#########........#............
................(...+.#.#.#.#....
.................................


You could see an orange demon (summoned), 2 ice devils, a kobold demonologist
(extremely poisoned), 2 kobold brigands, a crimson imp (summoned), 2 shadow imps
and 3 kobolds.

Vanquished Creatures
  A two-headed ogre (D:9)
  A troll (D:9)
  A hornet (D:9)
  A steam dragon (D:5)
  3 orc warriors
  A sky beast (D:5)
  A swamp drake (D:9)
  An ice beast (D:6)
  A black bear (D:5)
  2 ogres (D:6)
  5 centaurs
  4 kobold brigands
  6 bullfrogs
  2 scorpions
  3 killer bees (D:9)
  6 howler monkeys
  3 hounds
  A jelly (D:4)
  A gnoll bouda (D:6)
  7 orc priests
  2 sleepcaps (D:6)
  4 iguanas
  8 orc wizards
  A mummy (D:5)
  Robin (D:2)
  11 adders
  A shadow imp (D:6)
  2 ufetubi
  3 worms
  7 dart slugs
  54 orcs
  7 endoplasms
  13 goblins
  17 hobgoblins
  7 jackals (D:1)
  5 quokkas
  5 ball pythons
  5 bats
  3 frilled lizards
  A goblin zombie (D:5)
  31 kobolds
  An orc zombie (D:5)
  3 rats
243 creatures vanquished.

Vanquished Creatures (collateral kills)
  Eustachio (D:5)
  Menkaure (D:5)
  A hound (D:5)
  A shadow imp (D:5)
  A white imp (D:5)
  An orc (D:5)
6 creatures vanquished.

Vanquished Creatures (others)
  Pikel (D:4)
  A wyvern (D:7)
  2 lemures (D:4)
4 creatures vanquished.

Grand Total: 253 creatures vanquished

Notes
Turn   | Place    | Note
-------+----------+-------------------------------------------
     0 | D:1      | dolemite99 the Gargoyle Reaver began the quest for the Orb.
     0 | D:1      | Reached XP level 1. HP: 12/12 MP: 3/3
   173 | D:1      | Reached XP level 2. HP: 17/17 MP: 5/5
   408 | D:1      | Reached skill level 4 in Maces & Flails
   606 | D:1      | Reached XP level 3. HP: 21/21 MP: 6/6
  1574 | D:2      | Reached XP level 4. HP: 26/26 MP: 7/7
  1620 | D:2      | Reached skill level 5 in Maces & Flails
  1701 | D:2      | Noticed Robin
  1982 | D:1      | Reached XP level 5. HP: 17/30 MP: 8/8
  2498 | D:2      | Killed Robin
  2527 | D:2      | Found a faded altar of an unknown god.
  2627 | D:2      | Prayed at the altar of an unknown god.
  2627 | D:2      | Became a worshipper of Xom of Chaos
  2789 | D:2      | XOM: stat loss: -1 Str (17/18)
  2866 | D:2      | XOM: give mutations
  2866 | D:2      | Gained mutation: You occasionally lose the ability to drink
                  | potions when taking damage. [Xom's mischief]
  2866 | D:2      | Gained mutation: You have an increased reservoir of magic.
                  | (+10% MP) [Xom's mischief]
  3147 | D:3      | XOM: 1-stop teleportation journey
  3159 | D:3      | Reached skill level 6 in Maces & Flails
  3733 | D:4      | XOM: blink monster(s)
  3911 | D:4      | XOM: silly message
  4015 | D:4      | Reached skill level 1 in Axes
  4015 | D:4      | Reached XP level 6. HP: 35/35 MP: 9/9
  4021 | D:4      | XOM: give mutations
  4021 | D:4      | Gained mutation: You are occasionally teleported next to
                  | monsters. [Xom's mischief]
  4021 | D:4      | Lost mutation: You occasionally lose the ability to drink
                  | potions when taking damage. [Xom's mischief]
  4021 | D:4      | Gained mutation: Your flesh is heat resistant. (rF+) [Xom's
                  | mischief]
  4073 | D:4      | You fall into a shaft and drop 3 floors!
  4073 | D:7      | Found an ancient bone altar of Kikubaaqudgha.
  4100 | D:7      | XOM: confusion
  4124 | D:6      | Noticed Eustachio
  4129 | D:5      | Entered Level 5 of the Dungeon
  4129 | D:5      | Noticed Edmund
  4148 | D:5      | Edmund changed into Edmund the sky beast
  4148 | D:5      | Noticed Edmund
  4148 | D:5      | XOM: polymorph Edmund -> Edmund the sky beast
  4162 | D:5      | XOM: noise
  4164 | D:5      | XOM: noise
  4183 | D:5      | Killed Edmund the sky beast
  4240 | D:5      | Killed Eustachio
  4241 | D:5      | Reached XP level 7. HP: 40/40 MP: 11/11
  4286 | D:5      | Reached skill level 5 in Axes
  4286 | D:5      | Found a burning altar of Makhleb.
  4296 | D:5      | Found a snail-covered altar of Cheibriados.
  4297 | D:5      | Noticed Menkaure
  4305 | D:5      | Killed Menkaure
  4306 | D:5      | Reached XP level 8. HP: 24/44 MP: 12/12
  4402 | D:4      | XOM: give mutation
  4402 | D:4      | Gained mutation: You have a somewhat thin skeletal
                  | structure. (Dex +2, Stealth+) [Xom's mischief]
  4423 | D:4      | Noticed Pikel
  4423 | D:4      | XOM: 1-stop teleportation journey
  4498 | D:4      | Found a bloodstained altar of Trog.
  4561 | D:4      | Killed Pikel
  4561 | D:4      | XOM: divine lightning
  4709 | D:4      | Found a basalt altar of Yredelemnul.
  4763 | D:4      | Found an opulent altar of Gozag.
  5065 | D:5      | XOM: stat loss: -1 Str (18/19)
  5637 | D:5      | XOM: torment (35/44 hp)
  5715 | D:5      | XOM: swap monsters
  5722 | D:5      | Reached skill level 7 in Maces & Flails
  5735 | D:5      | Found a staircase to the Ecumenical Temple.
  5849 | D:6      | Reached XP level 9. HP: 39/48 MP: 13/13
  5927 | D:6      | Reached skill level 8 in Maces & Flails
  6091 | D:6      | XOM: 2-stop teleportation journey
  6261 | D:6      | Found a glowing silver altar of Zin.
  6439 | D:6      | XOM: 5-stop teleportation journey
  6815 | D:6      | XOM: polymorph orc warrior -> ice beast
  6822 | D:6      | Reached skill level 9 in Maces & Flails
  7152 | D:7      | XOM: scenery: create altars
  7158 | D:7      | XOM: cleaving
  7314 | D:7      | XOM: 4-stop teleportation journey
  7484 | D:7      | Found a hide-covered altar of Uskayaw.
  7490 | D:7      | XOM: divine lightning
  7502 | D:7      | Reached skill level 10 in Maces & Flails
  7702 | D:8      | XOM: 2-stop teleportation journey
  8064 | D:8      | Reached XP level 10. HP: 53/53 MP: 14/14
  8173 | D:8      | XOM: divination: detect creatures
  8195 | D:8      | Reached skill level 11 in Maces & Flails
  8249 | D:8      | XOM: scenery: summon butterflies
  8618 | D:9      | XOM: polymorph killer bee -> swamp drake
  8619 | D:9      | XOM: summons 6 hostile demons
  9009 | D:9      | Found a staircase to the Orcish Mines.
  9026 | Orc:1    | Entered Level 1 of the Orcish Mines
  9026 | Orc:1    | Noticed an orc sorcerer
  9031 | D:9      | XOM: 5-stop teleportation journey
  9048 | D:9      | XOM: summons 3 hostile demons
  9359 | D:9      | XOM: 1-stop teleportation journey
  9446 | D:9      | Noticed a two-headed ogre
  9458 | D:9      | XOM: blink monster(s)
  9475 | D:9      | Noticed a kobold demonologist
  9483 | D:9      | Killed a two-headed ogre
  9491 | D:9      | Noticed an orange demon
  9494 | D:9      | Slain by an ice devil

Illustrated notes

Levels and vault maps discovered:
D:1:      spicycebolla_arrival_xxxplode, layout_loops_ring
D:2:      layout_basic, shapermc_ecumenical_altar_ellora, uniq_robin
D:3:      layout_loops_ring, minmay_between
D:4:      layout_basic, nicolae_overflow_hidden_temple,
          mainiacjoe_overflow_tiny_flanked, uniq_pikel
D:5:      layout_basic, mainiacjoe_overflow_boulevard, cheibriados_altar_1,
          minmay_temple_entry_mini_moons, nicolae_ossuary_entry_giza,
          uniq_menkaure, uniq_edmund
D:6:      layout_basic, marbit_many_paths, minmay_fractal_squares_5,
          uniq_eustachio
D:7:      layout_loops_cross, overflow_temple_1_default,
          eat_drink_and_be_merry_uskayaw
D:8:      layout_loops_corners, grunt_ministairs_11
D:9:      layout_irregular_city, david_orc_5, serial_glass, glass_columns_a,
          glass_columns_c, minivault_1
Orc:1:    layout_caves

Skill      XL: |  1  2  3  4  5  6  7  8  9 10 |
---------------+-------------------------------+-----
Maces & Flails | 4 5 6 7 10 11 | 11.6
Axes           | 1 4 6 8 |  8.0
Fighting       | 6 |  6.3
Dodging        | |  1.5
Spellcasting   | |  2.0
Conjurations   | |  3.2

Action                     |  1- 3 |  4- 6 |  7- 9 | 10-12 || total
---------------------------+-------+-------+-------+-------++-------
  Melee: Mace              |   130 |   134 |       |       ||   264
         Hand axe          |       |    60 |    93 |       ||   153
         Flail             |       |       |   191 |   151 ||   342
  Throw: Dart              |       |       |       |     6 ||     6
  Evoke: Wand              |       |       |       |     1 ||     1
    Use: Scroll            |     3 |     5 |     9 |     2 ||    19
         Potion            |       |       |       |     3 ||     3
   Stab: Sleeping          |       |       |     2 |       ||     2
         Distracted        |       |       |     1 |       ||     1
         Confused          |       |       |       |     1 ||     1
 Armour: Leather armour    |    55 |   109 |    71 |       ||   235
         Ring mail         |       |       |    60 |    94 ||   154
         Skin              |       |       |       |    28 ||    28
  Dodge: Dodged            |    89 |   161 |   100 |   104 ||   454
         Repelled          |       |       |     2 |       ||     2
  Block: Kite shield       |       |    40 |    59 |    60 ||   159

Table legend: (Time is in decaauts)
 A = Elapsed time spent in this place.
 B = Non-inter-level travel time spent in this place.
 C = Inter-level travel time spent in this place.
 D = Time resting spent in this place.
 E = Time spent auto-exploring this place.
 F = Levels seen in this place.
 G = Mean time per level.
                   A        B        C        D        E       F      G
               +--------+--------+--------+--------+--------+-----+--------+
         Total |   9566 |   9218 |    348 |   1943 |   4759 |  10 |  956.6 |
       Dungeon |   9563 |   9215 |    348 |   1943 |   4759 |   9 | 1062.6 |
  Orcish Mines |      3 |      3 |      0 |      0 |      0 |   1 |    3.0 |
               +--------+--------+--------+--------+--------+-----+--------+

Top non-repeatable levels by time:
     D:1: 2100 daAuts
     D:6: 1220 daAuts
     D:8: 1117 daAuts
     D:2: 1065 daAuts
     D:5: 998 daAuts
     D:4: 929 daAuts
     D:3: 740 daAuts
     D:9: 728 daAuts
     D:7: 662 daAuts
   Orc:1: 3 daAuts
